 Dungeon Crawl Stone Soup version 0.31-a0-841-g038b102fc3 (webtiles) character file.

Game seed: 1661103175963045589

190 CowFu the Cudgeller (level 5, 0/32 HPs)
             Began as a Gargoyle Fighter on Sept 27, 2023.
             Frozen to death by an endoplasm (4 damage)
             ... on level 2 of the Dungeon.
             The game lasted 00:01:56 (1408 turns).

CowFu the Cudgeller (Gargoyle Fighter)              Turns: 1408, Time: 00:01:57

Health: 0/32       AC:  0    Str: 22    XL:     5   Next: 69%
Magic:  5/5        EV:  9    Int: 14    God:
Gold:   89         SH:  4    Dex:  9    Spells: 4/4 levels left

rFire   . . .        a - +0 flail
rCold   . . .        c - +0 buckler
rNeg    + . .        b - +0 scale mail
rPois   ∞            (no helmet)
rElec   +            i - +0 cloak
rCorr   .            (no gloves)
SInv    .            (no boots)
Will    .....        (no amulet) Stlth
                     f - +6 ring of intelligence
HPRegen 0.25/turn    (no ring)
MPRegen 0.09/turn

%: no passive effects
@: mighty, corroded
A: sickness immunity, AC +4, negative energy resistance 1, electricity
resistance, torment resistance 1, petrification resistance
a: no special abilities


You were on level 2 of the Dungeon.
You visited 1 branch of the dungeon, and saw 2 of its levels.

You collected 89 gold pieces.

Inventory:

Hand Weapons
 a - a +0 flail (weapon)
Armour
 b - a +0 scale mail (worn)
 c - a +0 buckler (worn)
 i - a +0 cloak (worn)
Jewellery
 f - a +6 ring of intelligence (left hand)
Scrolls
 e - a scroll of vulnerability {unknown}
 j - a scroll of teleportation {unknown}
 l - a scroll of fear {unknown}
 m - a scroll of summoning {unknown}
 n - a scroll of enchant weapon {unknown}
 o - a scroll of amnesia {unknown}
Potions
 g - a potion of invisibility {unknown}
 h - a potion of resistance {unknown}
 k - a potion of brilliance {unknown}


   Skills:
 - Level 3.2 Fighting
 + Level 5.7 Maces & Flails
 - Level 3.2 Armour
 - Level 3.2 Shields


You had 4 spell levels left.
You didn't know any spells.
Your spell library contained the following spells:

 Spells                   Type           Power      Damage    Failure   Level
 Apportation              Tloc           0%         N/A       67%         1
 Jinxbite                 Hex            0%         N/A       80%         2
 Dazzling Flash           Conj/Hex       0%         N/A       95%         3
 Volatile Blastmotes      Fire/Tloc      0%         2d10      95%         3
 Alistair's Intoxication  Tmut/Pois      0%         N/A       100%        5
 Starburst                Conj/Fire      0%         6d3       100%        6
 Maxwell's Capacitive Co  Air            0%         ∞         100%        8


Dungeon Overview and Level Annotations

Branches:
Dungeon (2/15)

Altars:


Innate Abilities, Weirdness & Mutations

You are immune to sickness and miasma.
Your stone body is resilient. (AC +4)
You are immune to poison.
You resist negative energy. (rN+)
You are resistant to electric shocks. (rElec)
You are resistant to unholy torment.
You are immune to petrification.


Message History

You block the jelly's attack.
You feel very mighty all of a sudden. The jelly hits you.
The acid corrodes you!
You are splashed with acid!
You sock the jelly!
You kill the jelly!
Your Maces & Flails skill increases to level 5!
You have reached level 5!
You sock the jelly!
Your hands burn!
The jelly is heavily wounded.
The jelly hits you but does no damage.
You hit the jelly.
Your hands burn!
The jelly is almost dead.
The jelly barely misses you. The jelly hits you but does no damage.
You sock the jelly!
You kill the jelly!
You hit the endoplasm.
You kill the endoplasm!
You barely miss the jelly. The jelly closely misses you.
You completely miss the jelly. The jelly barely misses you.
You hit the jelly.
Your hands burn!
The jelly is moderately wounded.
The jelly hits you but does no damage. The jelly barely misses you.
You hit the jelly.
Your hands burn!
The jelly is heavily wounded.
The jelly hits you. The acid corrodes you!
You are splashed with acid!
* * * LOW HITPOINT WARNING * * *
The endoplasm jiggles.
You sock the jelly!
You kill the jelly!
You hit the endoplasm but do no damage. The endoplasm misses you.
You hit the endoplasm but do no damage. The endoplasm hits you.
* * * LOW HITPOINT WARNING * * *
You hit the endoplasm.
The endoplasm is moderately wounded.
The endoplasm barely misses you.
You barely miss the endoplasm.
The endoplasm is moderately wounded.
The endoplasm freezes you.
You are frozen.
You die...

##.....##
#.....)...
#.......#
#.........
#.......#
#....()...
#.......#
#.........
#.......#
#.........
#....####
#.........
#....'..##
#.........
########.#
#.........
##JJ@)..##
#.........
#'#######
#.........
#J..JJP...
#.........


#.PJPJJJ.. #......... #.J÷PJP.P. #......... #÷P...÷.P. #......... #...P...P.
########## #.P...P..) ########## You could see 2 endoplasms.

Vanquished Creatures
  3 jellies (D:2)
  Jessica (D:2)
  Robin (D:2)
  A dart slug (D:2)
  3 bats
  6 endoplasms
  A giant cockroach (D:1)
  12 goblins
  6 hobgoblins
  2 quokkas (D:1)
  4 ball pythons
  4 frilled lizards
  10 kobolds
  4 rats
58 creatures vanquished.

Notes
Turn   | Place    | Note
-------+----------+-------------------------------------------
     0 | D:1      | CowFu the Gargoyle Fighter began the quest for the Orb.
     0 | D:1      | Reached XP level 1. HP: 14/14 MP: 1/1
   172 | D:1      | Reached XP level 2. HP: 19/19 MP: 2/2
   416 | D:1      | Reached skill level 3 in Maces & Flails
   691 | D:1      | Reached XP level 3. HP: 20/23 MP: 3/3
  1083 | D:2      | Noticed Jessica
  1089 | D:2      | Noticed Robin
  1102 | D:2      | Killed Jessica
  1103 | D:2      | Reached skill level 4 in Maces & Flails
  1103 | D:2      | Reached XP level 4. HP: 28/28 MP: 4/4
  1122 | D:2      | Killed Robin
  1396 | D:2      | Reached skill level 5 in Maces & Flails
  1396 | D:2      | Reached XP level 5. HP: 19/32 MP: 5/5
  1408 | D:2      | Frozen to death by an endoplasm

Illustrated notes

Levels and vault maps discovered:
D:1:      wander_arrival_chamber, layout_loops_ring, minmay_misc_feat_encased
D:2:      cheibrodos_fertilizer, layout_basic,
          shapermc_ecumenical_altar_starsandcircs, uniq_robin, uniq_jessica

Skill      XL: |  1  2  3  4 |
---------------+-------------+-----
Maces & Flails | 3 4 5 |  5.7
Fighting       | |  3.2
Armour         | |  3.2
Shields        | |  3.2

Action                     |  1- 3 |  4- 6 || total
---------------------------+-------+-------++-------
  Melee: Flail             |   115 |    98 ||   213
    Use: Potion            |       |     1 ||     1
 Armour: Scale mail        |    75 |    74 ||   149
  Dodge: Dodged            |    60 |    40 ||   100
  Block: Buckler           |    25 |    17 ||    42

Table legend: (Time is in decaauts)
 A = Elapsed time spent in this place.
 B = Non-inter-level travel time spent in this place.
 C = Inter-level travel time spent in this place.
 D = Time resting spent in this place.
 E = Time spent auto-exploring this place.
 F = Levels seen in this place.
 G = Mean time per level.
                   A        B        C        D        E       F      G
               +--------+--------+--------+--------+--------+-----+--------+
         Total |   1461 |   1429 |     32 |      0 |   1026 |   2 |  730.5 |
       Dungeon |   1461 |   1429 |     32 |      0 |   1026 |   2 |  730.5 |
               +--------+--------+--------+--------+--------+-----+--------+

Top non-repeatable levels by time:
     D:1: 989 daAuts
     D:2: 471 daAuts
